 Dungeon Crawl Stone Soup version 0.28-a0-390-gb254ac4902 (webtiles) character file.

Game seed: 7967383280662598617

11 SkeletonJelly the Cudgeller (level 2, -10/16 HPs)
             Began as a Vine Stalker Chaos Knight on Sept 4, 2021.
             Was a Plaything of Xom.
             Mangled by a yaktaur (shapeshifter) (15 damage)
             ... on level 1 of the Dungeon.
             The game lasted 00:00:38 (579 turns).

SkeletonJelly the Cudgeller (VSCK)                   Turns: 579, Time: 00:00:38

Health: -10/16     AC:  5    Str: 14    XL:     2   Next: 25%
Magic:  0/3        EV: 11    Int: 12    God:    Xom [..*...]
Gold:   45         SH:  0    Dex: 13    Spells: 1/1 levels left

rFire   . . .      SeeInvis .   a - +0 mace (chaos)
rCold   . . .      Faith    .   (no shield)
rNeg    . . .      Spirit   +   b - +2 leather armour
rPois   +          Reflect  .   (no helmet)
rElec   .          Harm     .   (no cloak)
rCorr   .          Rampage  .   (no gloves)
Will    .....                   (no boots)
Stlth   +.........              (no amulet)
HPRegen 0.05/turn               c - ring of poison resistance
MPRegen 0.08/turn               (no ring)

@: mighty
A: fangs 2, magic shield, antimagic bite, no potion heal 2
a: Renounce Religion


You were on level 1 of the Dungeon.
You worshipped Xom.
You were a toy of Xom.
You visited 1 branch of the dungeon, and saw 1 of its levels.

You collected 45 gold pieces.

Inventory:

Hand Weapons
 a - a +0 mace of chaos (weapon)
Armour
 b - a +2 leather armour (worn)
Jewellery
 c - a ring of poison resistance (left hand)
 e - a ring of fire
Scrolls
 d - 2 scrolls of immolation {unknown}


   Skills:
 - Level 2.6 Fighting
 + Level 3.3 Maces & Flails
 - Level 1.5 Armour
 - Level 0.7 Dodging


You had one spell level left.
You didn't know any spells.
Your spell library was empty.

Dungeon Overview and Level Annotations

Branches:
Dungeon (1/15)

Altars:


Innate Abilities, Weirdness & Mutations

You have extremely sharp teeth.
When hurt, damage is shared between your health and your magic reserves.
Your bite disrupts and absorbs the magic of your enemies.
Potions cannot restore your health.


Message History

You see here a bat corpse.
You see here a hobgoblin corpse.
You see here a +0 dagger.
A goblin comes into view. It is wielding a +0 dagger.
A goblin is nearby!
The goblin shouts!
A rat comes into view.
A goblin comes into view. It is wielding a +0 dagger.
Found 18 gold pieces.
The goblin shouts!
You hear a shout!
You sock the goblin! You burn the goblin.
You kill the goblin!
A hobgoblin comes into view.
You barely miss the goblin. You bite the goblin. You drain its power.
The goblin is severely wounded.
The goblin hits you with a +0 dagger.
You take 1 damage, and have 15/16 hp.
You now have 2/3 mp.
You closely miss the goblin. Your bite misses the goblin.
The goblin is severely wounded.
The goblin hits you with a +0 dagger. The goblin closely misses you.
You take 3 damage, and have 12/16 hp.
You hit the goblin but do no damage.
The goblin is poisoned.
Your bite misses the goblin.
The goblin is severely wounded.
The rat bites you. The goblin misses you.
You take 2 damage, and have 10/16 hp.
You barely miss the goblin.
The goblin is severely wounded.
You kill the goblin!
The rat barely misses you.
You hit the rat. You burn the rat.
You kill the rat!
You hit the hobgoblin. You burn the hobgoblin. Your bite misses the hobgoblin.
The hobgoblin is heavily wounded.
The hobgoblin hits you but does no damage.
The hobgoblin hits you.
You take 1 damage, and have 9/16 hp.
You closely miss the hobgoblin. You bite the hobgoblin. You drain its power.
You feel invigorated.
The hobgoblin is almost dead.
The hobgoblin hits you but does no damage.
MP restored: 3 You barely miss the hobgoblin.
The hobgoblin is almost dead.
The hobgoblin closely misses you.
You hit the hobgoblin.
You kill the hobgoblin!
No target in view!
No target in view!
No target in view!
No target in view! "How about this?"
You do an impromptu tapdance.
You regained 4 hp, and now have 13/16 hp.
Key pressed, stopping explore.
Things that are here:
a +0 dagger; a +0 dagger; a goblin corpse Health restored: 16 You now have 10 gold pieces.
You see here a rat corpse.
You now have 28 gold pieces (gained 18).
You now have 45 gold pieces (gained 17).
Found a stone staircase leading down.
An endoplasm comes into view.
An endoplasm is nearby!
An endoplasm is nearby!
The endoplasm quivers.
You hit the endoplasm.
The endoplasm changes into a shapeshifter!
Xom is mildly amused.
The shapeshifter changes into a yak!
You hit the yak but do no damage.
The yak seems to speed up.
Xom thinks this is hilarious!
The yak barely misses you.
You sock the yak! You burn the yak. You bite the yak, but do no damage.
The yak is moderately wounded. "Go forth and cause havoc, mortal!"
You feel very mighty all of a sudden.
The yak changes into a queen bee!
You hit the queen bee but do no damage. Your bite misses the queen bee.
The queen bee barely misses you.
You hit the queen bee but do no damage. You bite the queen bee!
You drain its power.
The queen bee is lightly wounded.
The queen bee stings you but does no damage.
You hit the queen bee. You bite the queen bee. You drain its power.
The queen bee is heavily wounded.
The queen bee changes into a meliai!
You closely miss the meliai.
The meliai changes into a yaktaur!
You sock the yaktaur!
The yaktaur is lightly wounded.
The yaktaur hits you!
Ouch! That really hurt!
* * * LOW HITPOINT WARNING * * *
You take 12 damage, and have 4/16 hp.
MASSIVE DAMAGE!!
You now have 0/3 mp.
There is a stone staircase leading down here.
The yaktaur hits you!
Ouch! That really hurt!
You die...
Xom thinks this is hilarious!

..... #. ..... #.
...... .. ......##.
.....#..
.....####### #.
#..#.....# #..
#..c@....# #...
#.#......# .
#...###.##.....# ..
###.....#.##.....###
#.##
.....#............#
#.#.
#...#...##.#####...
#... #...#.#....#
##.. ....
#...#...#### #..
#..######...## #.#


You could see a yaktaur shaped shifter.

Vanquished Creatures
  A bat (D:1)
  An endoplasm (D:1)
  3 goblins (D:1)
  2 hobgoblins (D:1)
  A kobold (D:1)
  2 rats (D:1)
10 creatures vanquished.

Notes
Turn   | Place    | Note
-------+----------+-------------------------------------------
     0 | D:1      | SkeletonJelly the Vine Stalker Chaos Knight began the quest
                  | for the Orb.
     0 | D:1      | Reached XP level 1. HP: 11/11 MP: 2/2
   274 | D:1      | Reached skill level 3 in Maces & Flails
   287 | D:1      | Reached XP level 2. HP: 11/16 MP: 3/3
   487 | D:1      | XOM: silly message
   569 | D:1      | Noticed a shapeshifter
   569 | D:1      | an endoplasm changed into a shapeshifter
   569 | D:1      | Noticed a yak
   569 | D:1      | a shapeshifter changed into a yak
   571 | D:1      | XOM: potion effect (might)
   571 | D:1      | Noticed a queen bee
   571 | D:1      | a yak changed into a queen bee
   574 | D:1      | Noticed a meliai
   574 | D:1      | a queen bee changed into a meliai
   575 | D:1      | Noticed a yaktaur
   575 | D:1      | a meliai changed into a yaktaur
   579 | D:1      | Mangled by a yaktaur (shapeshifter)

Illustrated notes

Levels and vault maps discovered:
D:1:      dpeg_arrival_rooms_b, layout_rooms,
          hellmonk_ecumenical_altar_pennies_from_heaven

Skill      XL: |  1 |
---------------+----+-----
Maces & Flails | 3 |  3.3
Fighting       | |  2.6
Armour         | |  1.5
Dodging        | |  0.7

Action                   || total
-------------------------++-------
Melee: Mace              ||    33
       Bite              ||    13
Armor: Leather armour    ||    10
Dodge: Dodged            ||    12

Table legend: (Time is in decaauts)
 A = Elapsed time spent in this place.
 B = Non-inter-level travel time spent in this place.
 C = Inter-level travel time spent in this place.
 D = Time resting spent in this place.
 E = Time spent auto-exploring this place.
 F = Levels seen in this place.
 G = Mean time per level.
                   A        B        C        D        E       F      G
               +--------+--------+--------+--------+--------+-----+--------+
         Total |    586 |    586 |      0 |      0 |    506 |   1 |  586.0 |
       Dungeon |    586 |    586 |      0 |      0 |    506 |   1 |  586.0 |
               +--------+--------+--------+--------+--------+-----+--------+

Top non-repeatable levels by time:
     D:1: 586 daAuts
